 Dungeon Crawl Stone Soup version 0.30-a0-135-g630cfc4551 (webtiles) character file.

Game seed: 3441514419637485604

19714 enile the Thaumaturge (level 12, -1/112 HPs)
             Began as a Purple Draconian Fire Elementalist on Sept 21, 2022.
             Was a High Priest of Ashenzari.
             Killed from afar by a manticore (19 damage)
             ... with a volley of spikes
             ... on level 1 of the Lair of Beasts.
             The game lasted 00:25:17 (15194 turns).

enile the Thaumaturge (DrFE)                       Turns: 15194, Time: 00:25:18

Health: -1/112     AC: 15    Str: 12    XL:     12   Next: 39%
Magic:  15/40      EV: 15    Int: 20    God:    Ashenzari [*****.]
Gold:   801        SH:  8    Dex: 11    Spells: 26/41 levels left

rFire   + + +      SeeInvis +    k - +3 Elemental Staff {rElec rF++ rC++ AC+5, Evo, Alch} (curse)
rCold   + + +      Faith    .    K - +0 buckler of Ashenzari's Gnosis {Alch, Cun} (curse)
rNeg    . . .      Spirit   .    (body armour unavailable)
rPois   .          Reflect  +    (helmet restricted)
rElec   +          Harm     .    v - scarf "I Foresaw This" {rC+ rF+, Fort, Evo} (curse)
rCorr   .          Rampage  .    z - +0 pair of gloves "Share My Negligence" {Self, Elem} (curse)
Will    +....      Clarity  +    L - +0 pair of boots of the Fated Sybil {Comp, Bglg} (curse)
Stlth   +.........               s - amulet "Stellar Mistrust" {Reflect SH+5, Elem, Evo} (curse)
HPRegen 0.28/turn                E - ring "Prophetic Fetters" {Wiz, Elem, Range} (curse)
MPRegen 0.27/turn                M - ring "Bound Together" {MP+9, Melee, Alch} (curse)

@: spiked, very slow
A: breathe power, AC +8, unfitting armour, cold-blooded
a: Breathe Dispelling Energy, Renounce Religion, Shatter the Chains


You were on level 1 of the Lair of Beasts.
You worshipped Ashenzari.
Ashenzari was extremely pleased with you.
You visited 2 branches of the dungeon, and saw 13 of its levels.
You also visited: Bailey.

You collected 801 gold pieces.

Inventory:

Hand Weapons
 b - a +0 sling
 k - the cursed +3 Elemental Staff (weapon) {rElec rF++ rC++ AC+5, Evo, Alch}
   (You acquired it on level 2 of the Dungeon)

   If the wielder is skilled in Evocations, they can discharge powerful blasts
   of elemental energy when striking with it.
   It enhances your fire, ice, earth and air magic.
   AC:        It affects your AC (+5).
   rF:        It greatly protects you from fire.
   rC:        It greatly protects you from cold.
   rElec:     It insulates you from electricity.
   It has a curse which improves the following skills: Evocations: Evocations.
   Alchemy:   Poison Magic and Transmutations.
 B - the +9 battleaxe of Xilin {drain, Will+ Str+4}
   (You found it on level 6 of the Dungeon)

   A truly terrible weapon, it drains the life of any living foe it strikes.
   Str:       It affects your strength (+4).
   Will:      It increases your willpower.
 D - a +0 dagger of venom
Missiles
 d - 10 throwing nets
Armour
 v - the cursed scarf "I Foresaw This" (worn) {rC+ rF+, Fort, Evo}
   (You found it on level 3 of the Dungeon)

   It has a curse which improves the following skills: Fortitude: Shields.
   Evocations: Evocations.
 z - the cursed +0 pair of gloves "Share My Negligence" (worn) {Self, Elem}
   (You found it on level 4 of the Dungeon)

   It has a curse which improves the following skills: Introspection: Fighting
   and Spellcasting.
   Elements:  Fire Magic, Ice Magic, Air Magic and Earth Magic.
 K - the cursed +0 buckler of Ashenzari's Gnosis (worn) {Alch, Cun}
   (You took it off a gnoll sergeant on level 8 of the Dungeon)

   It has a curse which improves the following skills: Alchemy: Poison Magic and
   Transmutations.
   Cunning:   Dodging and Stealth.
 L - the cursed +0 pair of boots of the Fated Sybil (worn) {Comp, Bglg}
   (You found it on level 8 of the Dungeon)

   It has a curse which improves the following skills: Companions: Summonings
   and Necromancy.
   Beguiling: Conjurations, Hexes and Translocations.
Magical Staves
 p - a staff of air
Jewellery
 s - the cursed amulet "Stellar Mistrust" (around neck) {Reflect SH+5, Elem, Evo}
   (You found it on level 3 of the Dungeon)

   [amulet of reflection]

   It reflects blocked missile attacks.
   SH:        It affects your SH (+5).
   It has a curse which improves the following skills: Elements: Fire Magic, Ice
   Magic, Air Magic and Earth Magic.
   Evocations: Evocations.
 y - an amulet of regeneration
 E - the cursed ring "Prophetic Fetters" (left hand) {Wiz, Elem, Range}
   (You found it on level 7 of the Dungeon)

   [ring of wizardry]

   It improves your spell success rate.
   It has a curse which improves the following skills: Elements: Fire Magic, Ice
   Magic, Air Magic and Earth Magic.
   Ranged Combat: Ranged Weapons and Throwing.
 H - a ring of wizardry
 M - the cursed ring "Bound Together" (right hand) {MP+9, Melee, Alch}
   (You found it on level 11 of the Dungeon)

   [ring of magical power]

   MP:        It affects your magic capacity (+9).
   It has a curse which improves the following skills: Melee Combat: Short
   Blades, Long Blades, Axes, Maces & Flails, Polearms, Staves and Unarmed
   Combat.
   Alchemy:   Poison Magic and Transmutations.
Wands
 N - a wand of flame (7)
Scrolls
 h - 3 scrolls of fear
 i - 4 scrolls of amnesia
 j - 10 scrolls of identify
 n - a scroll of blinking
 o - 9 scrolls of teleportation
 r - 4 scrolls of magic mapping
 u - a scroll of silence
 A - a scroll of immolation
 C - a scroll of enchant weapon
 G - a scroll of enchant armour
 J - a scroll of vulnerability
 O - a scroll of summoning
Potions
 a - a potion of magic
 c - a potion of mutation
 e - 2 potions of heal wounds
 f - 5 potions of brilliance
 g - a potion of resistance
 l - 3 potions of lignification
 m - 2 potions of invisibility
 q - 6 potions of curing
 t - a potion of ambrosia
 w - 2 potions of cancellation
 x - 5 potions of flight
 F - a potion of berserk rage
 I - 2 potions of attraction
 P - a potion of might


   Skills:
 - Level 10.0(12.2) Fighting
 - Level 2.0(3.7) Staves
 + Level 8.3(10.7) Dodging
 - Level 2.0(3.7) Stealth
 - Level 12.7(15.0) Spellcasting
 - Level 1.2(2.7) Conjurations
 - Level 5.0(7.2) Hexes
 - Level 9.8(14.3) Fire Magic
 - Level 8.1(12.6) Evocations


You had 26 spell levels left.
You knew the following spells:

 Your Spells              Type           Power      Damage    Failure   Level
a - Foxfire               Conj/Fire      100%       2x1d9     1%          1
b - Scorch                Fire           100%       2d10      1%          2
c - Inner Flame           Hex/Fire       72%        N/A       1%          3
d - Kindle Blastsparks    Fire/Tloc/Air  100%       2d18      1%          3
e - Flame Wave            Conj/Fire      65%        2d15      1%          4
f - Passwall              Tmut/Erth      21%        N/A       2%          2

Your spell library contained the following spells:

 Spells                   Type           Power      Damage    Failure   Level
 Apportation              Tloc           32%        N/A       1%          1
 Ensorcelled Hibernation  Hex/Ice        92%        N/A       1%          2
 Dazzling Flash           Conj/Hex       68%        N/A       1%          3
 Summon Guardian Golem    Hex/Summ       30%        N/A       1%          3
 Swiftness                Air            26%        N/A       5%          3
 Metabolic Englaciation   Hex/Ice        23%        N/A       12%         5
 Silence                  Hex/Air        23%        N/A       12%         5
 Summon Mana Viper        Hex/Summ       30%        N/A       13%         5
 Petrify                  Tmut/Erth      26%        N/A       17%         4
 Alistair's Intoxication  Tmut/Pois      11%        N/A       43%         5
 Agony                    Necr           16%        N/A       45%         5
 Summon Forest            Summ/Tloc      8%         N/A       45%         5
 Statue Form              Tmut/Erth      17%        N/A       92%         6
 Summon Cactus Giant      Summ           8%         N/A       95%         6
 Orb of Destruction       Conj           12%        9d7       99%         7
 Spellforged Servitor     Conj/Summ      10%        N/A       100%        7


Dungeon Overview and Level Annotations

Branches:
Dungeon (12/15)            Temple (0/1) D:7            Lair (1/5) D:9
    Orc (0/2) D:9          Bailey (visited)

Altars:
Ashenzari
Fedhas
Gozag
Makhleb
Ru
Vehumet
Wu Jian
Xom
The Shining One

Shops:
D:1 =


Innate Abilities, Weirdness & Mutations

You can breathe bolts of dispelling energy.
Your rich purple scales are hard. (AC +8)
You cannot fit into any form of body armour.
You are cold-blooded and may be slowed by cold attacks.


Message History

You enter the shallow water.
Moving in this stuff is going to be slow.
You feel sick.
The dire elephant is engulfed in blazing flames.
Flame seeps out of the dire elephant.
The polar bear is engulfed in blazing flames.
You kill the polar bear!
The manticore is engulfed in blazing flames.
You feel sick.
The manticore is engulfed in blazing flames.
The dire elephant is engulfed in blazing flames.
Flame seeps out of the dire elephant.
You hit the dire elephant.
Flame seeps out of the dire elephant.
You crush the dire elephant!
Flame seeps out of the dire elephant. x2
You tail-slap the dire elephant.
The dire elephant is severely wounded.
You feel sick.
The dire elephant tramples you but does no damage.
The dire elephant closely misses you.
Casting: Flame Wave (mildly dangerous; 1% risk of failure)
Confirm with . or Enter, or press ? or * to list all spells.
Casting: Flame Wave (mildly dangerous; 1% risk of failure)
Press: ? - help, Dir - look around, f - activate You feel a surge of power!
A wave of flame ripples out!
The flame wave engulfs the dire elephant!
Flame seeps out of the dire elephant.
The dire elephant is almost dead. (Press . to intensify the flame waves.)
You feel sick.
The dire elephant is engulfed in a cloud of scalding steam.
Flame seeps out of the dire elephant.
The dire elephant tramples you!!
* * * LOW HITPOINT WARNING * * *
You stumble backwards!
Splash!
You feel sick.
You are no longer poisoned.
The manticore flicks its tail.
The volley of spikes hits you!!
The barbed spikes become lodged in your body.
You die...

≈~...#######...##..##############
~....#####..........#### #######
≈..#######....~~..)≈.###
~....##......~~≈~..^.###
≈~........~≈~≈≈≈≈≈..≈############
≈≈≈≈≈..≈≈≈≈≈≈≈≈≈≈≈≈.≈############
≈≈≈≈≈≈~≈≈≈≈≈≈H≈≈≈~~.≈##.#.##..#.#
###≈≈≈≈≈≈###~§§§§≈..≈#...).......
########☼'§§§Y@....##..........
*.$.)§s#r§§§§....#........... **
:.)!s~#§☼§§....##........... ,*
####~####≈..≈.####.......... ,,*
* ############........... *
######## ##.########## #######


You could see a dire elephant (inner flame) and a manticore.

Vanquished Creatures
  A hydra (Lair:1)
  An alligator (Lair:1)
  Nergalle (D:10)
  An ugly thing (D:11)
  Joseph (D:10)
  2 elephants (Lair:1)
  A cane toad (Lair:1)
  2 komodo dragons (Lair:1)
  3 polar bears (Lair:1)
  3 trolls (D:11)
  A hornet (D:10)
  5 blink frogs (Lair:1)
  A shadow (D:10)
  A vampire (D:11)
  2 wraiths
  3 wyverns
  13 yaks
  4 steam dragons
  Grum (D:9)
  2 basilisks (Lair:1)
  2 vampire mosquitoes (D:10)
  5 wargs (D:9)
  5 water moccasins
  3 sky beasts
  2 black bears
  An ice beast (D:8)
  3 orc warriors
  8 centaurs
  An ogre (D:5)
  7 wolves
  2 kobold brigands (D:8)
  10 gnoll sergeants
  3 necrophages
  5 bullfrogs
  4 scorpions
  2 howler monkeys (D:7)
  12 orc priests
  6 hounds
  2 jellies
  7 gnoll boudas
  2 iguanas
  19 orc wizards
  7 hell rats (Lair:1)
  A hound zombie (D:3)
  2 hound skeletons (D:3)
  A howler monkey zombie (D:3)
  23 gnolls
  6 adders
  A white imp (D:5)
  3 adder zombies (D:3)
  An adder skeleton (D:3)
  2 worms (D:2)
  A dart slug (D:3)
  58 orcs
  4 ball pythons
  5 endoplasms
  4 giant cockroaches
  10 goblins
  8 hobgoblins
  3 jackals (D:3)
  3 quokkas
  7 bats
  2 frilled lizards
  15 kobolds
  8 rats
335 creatures vanquished.

Vanquished Creatures (collateral kills)
  Erolcha (D:9)
  An orc (D:9)
  2 foxfires
4 creatures vanquished.

Vanquished Creatures (others)
  A yak (D:5)
  2 scorpions (D:5)
  An iguana (D:5)
  A dart slug (D:5)
  A quokka (D:5)
  563 foxfires
  A fungus (Lair:1)
  2 plants (Lair:1)
572 creatures vanquished.

Grand Total: 911 creatures vanquished

Notes
Turn   | Place    | Note
-------+----------+-------------------------------------------
     0 | D:1      | enile the Draconian Fire Elementalist began the quest for
                  | the Orb.
     0 | D:1      | Reached XP level 1. HP: 14/14 MP: 3/3
   170 | D:1      | Reached XP level 2. HP: 20/20 MP: 1/5
   299 | D:1      | Found Teet's Jewellery Shoppe.
   424 | D:1      | Reached skill level 1 in Fighting
   763 | D:1      | Found a faded altar of an unknown god.
   965 | D:1      | Prayed at the altar of an unknown god.
   965 | D:1      | Became a worshipper of Ashenzari the Shackled
  1015 | D:2      | Reached * piety under Ashenzari
  1037 | D:2      | Identified a scroll of acquirement
  1327 | D:2      | Reached XP level 3. HP: 29/29 MP: 2/6
  1330 | D:2      | Learned a level 2 spell: Scorch
  2256 | D:2      | Reached XP level 4. HP: 22/36 MP: 1/7
  2618 | D:3      | Reached ** piety under Ashenzari
  2661 | D:3      | Reached XP level 5. HP: 34/46 MP: 8/8
  2741 | D:3      | Identified the +1 chain mail "Vealieho" {Str+2}
  2798 | D:3      | Found a glowing golden altar of the Shining One.
  2904 | D:3      | Found an opulent altar of Gozag.
  3009 | D:3      | Found a radiant altar of Vehumet.
  3099 | D:3      | Identified the +1 short sword of Roarean {freeze, rN+ Will+
                  | Str+3 Dex-2}
  3284 | D:4      | Found a blossoming altar of Fedhas.
  3531 | D:4      | Reached skill level 3 in Spellcasting
  3539 | D:4      | Reached XP level 6. HP: 52/52 MP: 2/11
  3688 | D:4      | Reached skill level 4 in Spellcasting
  4012 | D:4      | Found a broken altar of Ashenzari.
  4303 | D:4      | Identified the +2 leather armour of Xuyg {rPois Int+2}
  4445 | D:4      | Reached *** piety under Ashenzari
  4481 | D:5      | Entered Level 5 of the Dungeon
  4491 | D:5      | Reached skill level 5 in Spellcasting
  4491 | D:5      | Your scales start taking on a rich purple colour.
  4491 | D:5      | Reached skill level 6 in Spellcasting
  4491 | D:5      | Reached XP level 7. HP: 45/60 MP: 11/16
  4500 | D:4      | Reached skill level 5 in Fighting
  4888 | D:5      | Reached skill level 7 in Spellcasting
  4948 | D:5      | Learned a level 3 spell: Inner Flame
  4991 | D:5      | Reached skill level 1 in Hexes
  5256 | D:5      | Reached XP level 8. HP: 56/70 MP: 12/18
  5518 | D:5      | Found a sacrificial altar of Ru.
  5616 | D:5      | Found a shimmering altar of Xom.
  5741 | D:5      | Learned a level 3 spell: Kindle Blastsparks
  5746 | D:5      | Learned a level 4 spell: Flame Wave
  6122 | D:6      | Acquired the +3 Elemental Staff {rElec rF++ rC++ AC+5}
  6122 | D:6      | Found the +3 Elemental Staff {rElec rF++ rC++ AC+5}
  6224 | D:6      | Reached skill level 5 in Dodging
  6241 | D:6      | Reached XP level 9. HP: 52/75 MP: 3/19
  6249 | D:6      | Reached skill level 5 in Fire Magic
  6259 | D:6      | Reached skill level 9 in Spellcasting
  6259 | D:6      | Reached XP level 10. HP: 17/90 MP: 4/23
  6502 | D:6      | Identified the +9 battleaxe of Xilin {drain, Will+ Str+4}
  7269 | D:7      | Found a staircase to the Ecumenical Temple.
  7303 | D:7      | Found a burning altar of Makhleb.
  7913 | D:7      | Reached skill level 10 in Fighting
  8388 | D:8      | Reached skill level 10 in Spellcasting
  9499 | D:9      | Noticed Erolcha
  9586 | D:9      | Reached XP level 11. HP: 96/102 MP: 23/26
  9698 | D:9      | Noticed Grum
  9705 | D:9      | Killed Erolcha
  9705 | D:9      | Killed Grum
  9971 | D:9      | Found a staircase to the Lair.
 10329 | D:9      | Found a staircase to the Orcish Mines.
 10685 | D:10     | Entered Level 10 of the Dungeon
 10696 | D:10     | Noticed Nergalle
 10709 | D:10     | Killed Nergalle
 10714 | D:10     | Noticed Joseph
 10731 | D:10     | Killed Joseph
 10732 | D:10     | Reached skill level 11 in Spellcasting
 10785 | D:10     | Found a flagged portal.
 10839 | Bailey   | Entered a bailey
 11842 | D:10     | Found an ornate altar of the Wu Jian Council.
 12235 | D:10     | Reached skill level 5 in Hexes
 12722 | D:11     | Reached **** piety under Ashenzari
 12991 | D:11     | Noticed a purple ugly thing
 12999 | D:11     | Killed a purple ugly thing
 13101 | D:11     | Learned a level 2 spell: Passwall
 13526 | D:11     | Reached ***** piety under Ashenzari
 13827 | Lair:1   | Entered Level 1 of the Lair of Beasts
 13863 | Lair:1   | Reached skill level 12 in Spellcasting
 13863 | Lair:1   | Reached XP level 12. HP: 86/112 MP: 10/30
 14577 | Lair:1   | Noticed an alligator
 14583 | Lair:1   | Killed an alligator
 15030 | Lair:1   | Noticed a seven-headed hydra
 15040 | Lair:1   | Killed a seven-headed hydra
 15180 | Lair:1   | Noticed a dire elephant
 15194 | Lair:1   | Killed from afar by a manticore

Illustrated notes

Levels and vault maps discovered:
D:1:      roderic_dead_forest, layout_rooms, serial_shops,
          nicolae_shop_hallway_stairs, shapermc_ecumenical_altar_flowoftime
D:2:      layout_basic, minmay_pentomino_o4
D:3:      minmay_chambers_of_twos, layout_rooms,
          mainiacjoe_overflow_tiny_flanked, mainiacjoe_overflow_brackets,
          mainiacjoe_overflow_concentric_impassable, serial_undead,
          serial_undead_d, serial_undead_b, serial_undead_c, serial_undead_b,
          serial_undead_a, serial_undead_f
D:4:      wad_lake_hut, layout_basic, kennysheep_mini,
          mainiacjoe_overflow_24_doors
D:5:      layout_rooms, xom_confusion_cloud, general_overflow_altar
D:6:      layout_rooms
D:7:      layout_basic, bloody_makhleb, temple_green, feat_on_display
D:8:      minmay_bubble_buster, layout_cave_pools
D:9:      layout_roguey, erik_lair_orcish_takeover, erik_orc_4, uniq_grum,
          uniq_erolcha
D:10:     layout_loops_cross, mainiacjoe_overflow_chevrons, enter_bailey_4,
          kennysheep_generic_room_4, uniq_joseph, uniq_nergalle
D:11:     layout_gridville
D:12:     layout_long_grid
Lair:1:   layout_big_grid, serial_rivers, chequers_serial_rivers_large_b,
          chequers_serial_rivers_micro_c, chequers_serial_rivers_micro_b,
          chequers_serial_rivers_room_b, chequers_serial_rivers_room_a,
          chequers_serial_rivers_small_b, st_stairs_5,
          nicolae_lair_lakeside_cave

Skill      XL: |  1  2  3  4  5  6  7  8  9 10 11 12 |
---------------+-------------------------------------+-----
Stealth        | 2 |  2.0
Fighting       | 2 3 4 6 8 10 | 10.0
Dodging        | 2 3 6 8 |  8.3
Spellcasting   | 3 6 7 9 10 12 | 12.7
Hexes          | 2 3 5 |  5.0
Evocations     | 2 6 8 |  8.1
Fire Magic     | 4 7 8 9 |  9.8
Staves         | 2 |  2.0
Conjurations   | |  1.2

Action                   |  1- 3 |  4- 6 |  7- 9 | 10-12 || total
-------------------------+-------+-------+-------+-------++-------
Melee: Quarterstaff      |    15 |    86 |    41 |       ||   142
       Tailslap          |     1 |    13 |    10 |    15 ||    39
       Staff             |       |       |    23 |    93 ||   116
       Punch             |       |       |     1 |     1 ||     2
 Fire: Sling             |     2 |       |       |       ||     2
 Cast: Foxfire           |    69 |    25 |    32 |   213 ||   339
       Scorch            |     6 |    21 |    28 |   132 ||   187
       Inner Flame       |       |       |     9 |    66 ||    75
       Flame Wave        |       |       |     2 |    17 ||    19
       Kindle Blastspark |       |       |     1 |     4 ||     5
Invok: Curse Item        |     1 |     2 |       |     6 ||     9
       Shatter the Chain |       |       |     1 |       ||     1
 Abil: Breathe Dispellin |       |       |     7 |     3 ||    10
  Use: Potion            |     1 |       |     1 |     2 ||     4
       Scroll            |       |       |     1 |     2 ||     3
 Stab: Sleeping          |       |     1 |       |       ||     1
Armor: Skin              |     8 |    44 |    28 |   128 ||   208
Dodge: Dodged            |    13 |    82 |    64 |   248 ||   407
Block: Other             |       |    25 |    22 |    59 ||   106
       Reflection        |       |     1 |       |     9 ||    10
       Buckler           |       |       |       |    59 ||    59

Table legend: (Time is in decaauts)
 A = Elapsed time spent in this place.
 B = Non-inter-level travel time spent in this place.
 C = Inter-level travel time spent in this place.
 D = Time resting spent in this place.
 E = Time spent auto-exploring this place.
 F = Levels seen in this place.
 G = Mean time per level.
                   A        B        C        D        E       F      G
               +--------+--------+--------+--------+--------+-----+--------+
         Total |  15352 |  14657 |    695 |    564 |  11569 |  14 | 1096.6 |
       Dungeon |  12977 |  12283 |    694 |    564 |   9663 |  12 | 1081.4 |
          Lair |   1394 |   1394 |      0 |      0 |   1154 |   1 | 1394.0 |
        Bailey |    980 |    980 |      0 |      0 |    751 |   1 |  980.0 |
               +--------+--------+--------+--------+--------+-----+--------+

Top non-repeatable levels by time:
     D:7: 1654 daAuts
     D:4: 1434 daAuts
  Lair:1: 1394 daAuts
     D:9: 1275 daAuts
     D:1: 1222 daAuts
     D:5: 1170 daAuts
     D:2: 1142 daAuts
     D:8: 1115 daAuts
    D:11: 1093 daAuts
     D:6: 1078 daAuts
  Bailey: 980 daAuts
     D:3: 887 daAuts
    D:10: 856 daAuts
    D:12: 46 daAuts
